 Dungeon Crawl Stone Soup version 0.24.1-14-gf8d2b509d9 (webtiles) character file.

Game seed: 6615999793718690592, levelgen mode: deterministic

322 TittyCrusher the Conjurer (level 6, 0/32 HPs)
             Began as a Tengu Air Elementalist on June 26, 2022.
             Was an Initiate of Vehumet.
             Killed by their own static electricity (1 damage)
             ... on level 3 of the Dungeon.
             The game lasted 00:08:38 (3691 turns).

TittyCrusher the Conjurer (Tengu Air Elementalist)  Turns: 3691, Time: 00:08:39

Health: 0/32       AC:  2    Str:  8    XL:     6   Next: 47%
Magic:  0/12       EV: 15    Int: 17    God:    Vehumet [......]
Gold:   113        SH:  0    Dex: 15    Spells: 4/12 levels left

rFire    . . .     SeeInvis .   a - +0 dagger (venom)
rCold    . . .     Gourm    .   (no shield)
rNeg     . . .     Faith    .   d - +0 robe
rPois    .         Spirit   .   (helmet restricted)
rElec    .         Reflect  .   (no cloak)
rCorr    .         Harm     .   (no gloves)
MR       .....                  (boots unavailable)
Stlth    ++........             (no amulet)
HPRegen  0.10/turn              (no ring)
MPRegen  0.13/turn              (no ring)

@: flying quickly and evasively, quick
A: beak, talons 3, able to fly
a: Stop Flying, Renounce Religion


You were on level 3 of the Dungeon.
You worshipped Vehumet.
Vehumet was noncommittal.
You were not hungry.

You visited 1 branch of the dungeon, and saw 3 of its levels.

You collected 113 gold pieces.

Inventory:

Hand Weapons
 a - a +0 dagger of venom (weapon)
 b - a +2 dagger of freezing
 e - a +0 club
Missiles
 g - 28 arrows
 q - 7 poisoned darts (quivered)
Armour
 d - a +0 robe (worn)
Jewellery
 i - a cursed ring of attention {unknown}
Scrolls
 h - a scroll of fog {unknown}
 k - a scroll of immolation {unknown}
 m - a scroll of enchant weapon {unknown}
 p - a scroll of remove curse {unknown}
 s - a scroll of teleportation {unknown}
Potions
 j - 2 potions of curing {unknown}
 l - a potion of agility {unknown}
 o - a potion of haste
 r - a potion of degeneration {unknown}
Comestibles
 c - 8 rations
 f - 3 chunks of flesh


   Skills:
 - Level 2.1 Dodging
 - Level 2.0 Stealth
 - Level 3.9 Spellcasting
 + Level 6.7 Conjurations
 - Level 4.0 Air Magic


You had 4 spell levels left.
You knew the following spells:

 Your Spells              Type           Power        Failure   Level  Hunger
a - Shock                 Conj/Air       ###.         1%          1    None
b - Static Discharge      Conj/Air       ###.....     5%          3    ###....
c - Airstrike             Air            ###.......   30%         4    ####...

Your spell library contained the following spells:

 Spells                   Type           Power        Failure   Level  Hunger
 Swiftness                Chrm/Air       ##......     11%         2    ##.....
 Lightning Bolt           Conj/Air       ###.......   43%         5    ######.


Dungeon Overview and Level Annotations

Branches:
Dungeon (3/15)

Altars:
Gozag
Nemelex Xobeh
Vehumet

Shops:
D:3 *


Innate Abilities, Weirdness & Mutations

You have a beak for a mouth.
You have claws for feet.
You can fly continuously.


Message History

Casting: Static Discharge (safe; 9% risk of failure)
Confirm with . or Enter, or press ? or * to list all spells.
Sigmund is struck by an arc of lightning.
Sigmund is almost dead.
The lightning grounds out.
Sigmund hits you with a +0 scythe of slicing!
* * * LOW HITPOINT WARNING * * *
x2 Unknown command.
Casting: Static Discharge (safe; 9% risk of failure)
Confirm with . or Enter, or press ? or * to list all spells.
Sigmund is struck by an arc of lightning.
You kill Sigmund!
Vehumet accepts your kill.
Your Conjurations skill gained 2 levels and is now at level 6!
You have reached level 6!
Your experience leads to an increase in your attributes!
Increase (S)trength, (I)ntelligence, or (D)exterity?
You feel clever.
You are struck by an arc of lightning.
You die...

#. #..# #.##..#
#..#..# #..#).# #
#).#..# .#
#####..)..###.####
..)...≈≈≈≈≈≈≈....#
.####.≈.....≈≈≈≈.#
#.#≈.⌠.@)...≈.##
#.#≈..∩..._.....
#.#≈.⌠.⌠....≈.#
#.≈.....≈≈≈≈.#
##≈≈≈≈≈≈≈....#
##...########
###.# #.# #.#


There were no monsters in sight!

Vanquished Creatures
  Sigmund (D:3)
  3 gnolls (D:3)
  6 adders
  An ooze (D:1)
  2 worms (D:2)
  5 dart slugs
  A leopard gecko (D:2)
  A ball python (D:2)
  4 giant cockroaches
  10 goblins
  6 hobgoblins
  7 kobolds
  10 bats
  4 frilled lizards
  4 rats (D:2)
65 creatures vanquished.

Notes
Turn   | Place    | Note
-------+----------+-------------------------------------------
     0 | D:1      | TittyCrusher the Tengu Air Elementalist began the quest for
                  | the Orb.
     0 | D:1      | Reached XP level 1. HP: 10/10 MP: 4/4
   283 | D:1      | Reached XP level 2. HP: 15/15 MP: 3/6
   817 | D:1      | Reached XP level 3. HP: 19/19 MP: 1/8
  1616 | D:2      | Found a sparkling altar of Nemelex Xobeh.
  1717 | D:2      | Reached XP level 4. HP: 18/24 MP: 5/10
  1893 | D:2      | Learned a level 3 spell: Static Discharge
  2000 | D:2      | Reached skill level 2 in Conjurations
  2290 | D:2      | Reached skill level 3 in Conjurations
  2530 | D:2      | Gained mutation: You can fly continuously. [Tengu growth]
  2530 | D:2      | Reached XP level 5. HP: 28/28 MP: 4/11
  2552 | D:2      | Found a radiant altar of Vehumet.
  2567 | D:2      | Became a worshipper of Vehumet
  3081 | D:2      | Reached skill level 4 in Conjurations
  3321 | D:3      | Found Gozag's Platinum Reserve.
  3323 | D:3      | Found an opulent altar of Gozag.
  3356 | D:3      | Noticed Sigmund
  3530 | D:3      | Learned a level 4 spell: Airstrike
  3690 | D:3      | HP: 1/28 [Sigmund/+0 scythe of slicing (1)]
  3691 | D:3      | Killed Sigmund
  3691 | D:3      | Reached skill level 6 in Conjurations
  3691 | D:3      | Reached XP level 6. HP: 1/32 MP: 0/12
  3691 | D:3      | Killed from afar by themself

Levels and vault maps discovered:
D:1:      dpeg_arrival_boxorama, layout_loops_corners
D:2:      minmay_razor_zed, layout_basic, old_standard_altar,
          lemuel_crystal_altar, first_ration, minmay_vboxes
D:3:      layout_loops_ring, lemuel_doored_altar,
          nicolae_gozag_zags_fifth_avenue, grunt_temple_overflow_diamond,
          uniq_sigmund

Skill      XL: |  1  2  3  4  5 |
---------------+----------------+-----
Spellcasting   | 3 |  3.9
Conjurations   | 3 6 |  6.7
Dodging        | |  2.1
Stealth        | |  2.0
Air Magic      | |  4.0

Action                   |  1- 3 |  4- 6 || total
-------------------------+-------+-------++-------
Melee: Dagger            |     3 |    35 ||    38
       Peck              |     1 |     9 ||    10
       Kick              |       |    14 ||    14
 Cast: Shock             |    59 |    68 ||   127
       Static Discharge  |       |     8 ||     8
 Abil: Fly               |       |     1 ||     1
  Use: Potion            |     1 |     1 ||     2
 Stab: Sleeping          |       |     1 ||     1
  Eat: Chunk             |     2 |     7 ||     9
Armor: Robe              |     1 |     3 ||     4
Dodge: Dodged            |    13 |    24 ||    37
